 Dungeon Crawl Stone Soup version 0.19.3-4-gbf9329e (webtiles) character file.

112 Alarkh the Chopper (level 4, 0/35 HPs)
             Began as a Demonspawn Monk on Jan 28, 2017.
             Slain by an orc wizard
             ... wielding a +0 dagger
              (2 damage)
             ... on level 3 of the Dungeon.
             The game lasted 00:02:26 (2515 turns).

Alarkh the Chopper (Demonspawn Monk)                Turns: 2515, Time: 00:02:26

Health: 0/35       AC:  8    Str: 13    XL:     4   Next: 63%
Magic:  4/4        EV: 12    Int: 13    God:
Gold:   82         SH:  0    Dex: 15    Spells: 0 memorised, 3 levels left

rFire  . . .     SeeInvis .     a - +0 war axe
rCold  . . .     Gourm    .     b - +0 robe
rNeg   . . .     Faith    .     (no shield)
rPois  +         Spirit   .     (no helmet)
rElec  .         Reflect  .     (no cloak)
rCorr  .         Harm     .     (no gloves)
MR     .....                    (no boots)
Stlth  +.........               (no amulet)
                                t - ring of poison resistance
                                m - +2 ring of strength

@: sanguine armour, heavily drained
A: rot immunity, sanguine armour 1
a: no special abilities


You were on level 3 of the Dungeon.
You were not hungry.

You visited 1 branch of the dungeon, and saw 3 of its levels.

You collected 82 gold pieces.

Inventory:

Hand Weapons
 a - a +0 war axe (weapon)
 o - a +1 spear of flaming
 v - a +0 hand axe
Armour
 b - a +0 robe (worn)
Jewellery
 m - a +2 ring of strength (left hand)
 r - an uncursed amulet of harm
 t - a ring of poison resistance (right hand)
Scrolls
 d - a scroll of enchant weapon {unknown}
 e - a scroll of identify
 h - 2 scrolls of remove curse
 i - 2 scrolls of enchant armour {unknown}
 k - a scroll of amnesia
 n - a scroll of noise {unknown}
Potions
 g - a potion of might
 l - a potion of resistance {unknown}
 q - a potion of heal wounds {unknown}
 s - a potion of invisibility {unknown}
 u - a potion of beneficial mutation {unknown}
Comestibles
 c - 2 bread rations
 f - 2 fruits
 j - 7 chunks of flesh
 p - 2 beef jerkies


   Skills:
 - Level 3.0(1.4) Fighting
 + Level 5.0(3.3) Axes
 - Level 2.6(1.1) Dodging
 - Level 1.7(0.2) Stealth


You had 3 spell levels left.
You didn't know any spells.

Dungeon Overview and Level Annotations

Branches:
Dungeon (3/15)

Altars:


Innate Abilities, Weirdness & Mutations

You are immune to rotting.
When seriously injured, your bleeding wounds create armour. (AC +6)


Message History

You slash the bat!
You kill the bat!
The orc wizard hits you with a dagger.
* * * LOW HITPOINT WARNING * * *
The orc wizard looks braver for a moment.
You closely miss the orc wizard.
The orc wizard is moderately wounded.
The orc wizard casts a spell at you. The magic dart hits you!
* * * LOW HITPOINT WARNING * * *
The orc wizard hits you with a dagger.
* * * LOW HITPOINT WARNING * * *
You hit the orc wizard but do no damage.
The orc wizard is moderately wounded.
The orc wizard hits you but does no damage.
The orc wizard misses you.
You barely miss the orc wizard.
The orc wizard is moderately wounded.
The orc wizard hits you with a dagger.
You die...

...#.#....#################
..........................
..................)..####
#.#....############(##
#.......# ##...#..#
#######.# #.....#.# #.#
#.....#.## #.# #.....#..##
#@# #.##......# #....)o#
#.#........ #......#
#.#.......# .........
#.#.#.###.# .#.......
##.#.#.# #.. #........
#......####. ....!.....
#.......###) ....#######
#.....####.. #.....# #.#


You could see an orc wizard.

Vanquished Creatures
  4 adders (D:2)
  2 worms (D:2)
  4 dart slugs
  A leopard gecko (D:2)
  4 orcs
  A ball python (D:2)
  4 giant cockroaches
  8 goblins
  6 hobgoblins
  7 bats
  2 frilled lizards
  A giant cockroach zombie (D:1)
  5 kobolds
  A quokka zombie (D:1)
  5 rats
55 creatures vanquished.

Notes
Turn   | Place    | Note
-------+----------+-------------------------------------------
     0 | D:1      | Alarkh the Demonspawn Monk began the quest for the Orb.
     0 | D:1      | Reached XP level 1. HP: 18/18 MP: 1/1
   197 | D:1      | Reached skill level 3 in Axes
   238 | D:1      | Gained mutation: When seriously injured, your bleeding wounds create armour. (AC +6) [demonic ancestry]
   238 | D:1      | Reached XP level 2. HP: 19/24 MP: 2/2
  1061 | D:2      | Reached XP level 3. HP: 27/29 MP: 3/3
  1467 | D:2      | Reached skill level 4 in Axes
  1620 | D:2      | Gained mutation: You are immune to rotting. [demonic ancestry]
  1620 | D:2      | Reached XP level 4. HP: 20/35 MP: 4/4
  2510 | D:3      | Reached skill level 5 in Axes
  2515 | D:3      | Slain by an orc wizard

Skill      XL: |  1  2  3  4 |
---------------+-------------+-----
Axes           | 3 4 5 |  5.0
Fighting       | |  3.0
Dodging        | |  2.6
Stealth        | |  1.7

Action                   |  1- 3 |  4- 6 || total
-------------------------+-------+-------++-------
Melee: Hand axe          |   136 |       ||   136
       Spear             |    13 |    52 ||    65
       War axe           |       |    28 ||    28
  Use: Scroll            |       |     3 ||     3
 Stab: Sleeping          |     4 |     3 ||     7
  Eat: Chunk             |     2 |     3 ||     5
Armor: Robe              |    36 |    10 ||    46
Dodge: Dodged            |    88 |    44 ||   132
